 Dungeon Crawl Stone Soup version 0.31-a0-164-g2312942fda (webtiles) character file.

Game seed: 18221495993591825975

4834 Dittersdorf the Protected (level 10, -1/66 HPs)
             Began as a Gargoyle Fighter on June 13, 2023.
             Was a Believer of Okawaru.
             Slain by a red ugly thing (17 damage)
             ... on level 9 of the Dungeon.
             The game lasted 00:09:45 (8105 turns).

Dittersdorf the Protected (Gargoyle Fighter)        Turns: 8105, Time: 00:09:46

Health: -1/66      AC: 21    Str: 24    XL:     10   Next: 49%
Magic:  10/10      EV:  6    Int:  9    God:    Okawaru [**....]
Gold:   383        SH: 15    Dex:  9    Spells: 9/9 levels left

rFire   . . .        v - +2 morningstar (drain)
rCold   . . .        i - +0 kite shield
rNeg    + + .        u - +0 plate armour
rPois   ∞            (no helmet)
rElec   +            (no cloak)
rCorr   .            (no gloves)
SInv    +            (no boots)
Will    +....        o - amulet of Obad {Reflect *Slow rElec rN+ SH+5 Stlth+} Stlth
                     t - ring of willpower
HPRegen 0.31/turn    g - ring of see invisible
MPRegen 0.12/turn

%: slow self (1%), reflection
@: slowed, very slow
A: sickness immunity, AC +7, negative energy resistance 1, electricity
resistance, torment resistance 1, petrification resistance
a: Renounce Religion, Heroism


You were on level 9 of the Dungeon.
You worshipped Okawaru.
Okawaru was pleased with you.
You visited 1 branch of the dungeon, and saw 9 of its levels.

You collected 383 gold pieces.

Inventory:

Hand Weapons
 v - a +2 morningstar of draining (weapon)
Missiles
 a - a throwing net
Armour
 i - a +0 kite shield (worn)
 u - a +0 plate armour (worn)
Jewellery
 g - a ring of see invisible (right hand)
 o - the amulet of Obad (around neck) {Reflect *Slow rElec rN+ SH+5 Stlth+}
   (You found it on level 2 of the Dungeon)

   [amulet of reflection]

   It reflects blocked missile attacks.
   rElec:     It insulates you from electricity.
   rN:        It protects you from negative energy.
   *Slow:     It may slow you when you take damage.
   SH:        It affects your SH (+5).
   Stlth:     It makes you more stealthy.
 t - a ring of willpower (left hand)
Scrolls
 b - a scroll of fog {unknown}
 e - 2 scrolls of vulnerability {unknown}
 h - 11 scrolls of identify {unknown}
 k - a scroll of fear {unknown}
 l - 2 scrolls of immolation {unknown}
 m - a scroll of revelation {unknown}
 p - 2 scrolls of summoning {unknown}
 q - 5 scrolls of poison {unknown}
 r - a scroll of brand weapon {unknown}
 s - 4 scrolls of teleportation {unknown}
Potions
 c - 5 potions of haste
 d - a potion of lignification {unknown}
 f - 7 potions of curing {unknown}
 j - a potion of berserk rage {unknown}
 n - a potion of attraction {unknown}
 w - a potion of brilliance {unknown}
 x - a potion of invisibility {unknown}
 z - a potion of heal wounds {unknown}


   Skills:
 + Level 9.0 Fighting
 + Level 7.8 Maces & Flails
 + Level 9.0 Armour
 + Level 9.0 Shields


You had 9 spell levels left.
You didn't know any spells.
Your spell library contained the following spells:

 Spells                   Type           Power      Damage    Failure   Level
 Dazzling Flash           Conj/Hex       0%         N/A       100%        3
 Portal Projectile        Hex/Tloc       0%         N/A       100%        3
 Agony                    Necr           0%         N/A       100%        5
 Blade Hands              Tmut           0%         N/A       100%        5
 Silence                  Hex/Air        0%         N/A       100%        5
 Tukima's Dance           Hex            Unusable   N/A       N/A         3

Dungeon Overview and Level Annotations

Branches:
Dungeon (9/15)             Temple (0/1) D:7
   Lair: D:8-11         Orc: D:9-12

Altars:
Cheibriados
Elyvilon
Fedhas
Gozag
Hepliaklqana
Makhleb
Nemelex Xobeh
Okawaru
Ru
Sif Muna
Trog
Uskayaw
Wu Jian
Xom
Yredelemnul
The Shining One


Innate Abilities, Weirdness & Mutations

You are immune to sickness and miasma.
Your stone body is resilient. (AC +7)
You are immune to poison.
You resist negative energy. (rN+)
You are resistant to electric shocks. (rElec)
You are resistant to unholy torment.
You are immune to petrification.


Message History

You puncture the freezing wraith!
The freezing wraith is almost destroyed.
The freezing wraith hits you but does no damage.
You block the freezing wraith's attack.
The freezing wraith hits you but does no damage.
The freezing wraith barely misses you.
You completely miss the freezing wraith.
The freezing wraith is severely damaged.
You block the freezing wraith's attack.
The freezing wraith hits you but does no damage.
You block the freezing wraith's attack. The freezing wraith hits you.
The freezing wraith drains your vigour!
You feel as though you will be slow longer.
You hit the freezing wraith.
The freezing wraith is almost destroyed.
The freezing wraith hits you but does no damage. x2
You block the freezing wraith's attack. The freezing wraith hits you!
The freezing wraith drains your vigour!
You feel as though you will be slow longer.
You barely miss the freezing wraith.
The freezing wraith is almost destroyed.
The freezing wraith hits you. The freezing wraith freezes you!!
You block the freezing wraith's attack.
The freezing wraith hits you but does no damage. x2
You puncture the freezing wraith!
The freezing wraith is almost destroyed.
You block the freezing wraith's attack.
The freezing wraith hits you but does no damage.
You puncture the freezing wraith!
You destroy the freezing wraith!
Okawaru accepts your kill. You block the red ugly thing's attack.
Your Fighting skill increases to level 9!
Your Armour skill increases to level 9!
Your Shields skill increases to level 9!
You closely miss the red ugly thing. You block the red ugly thing's attack.
The red ugly thing headbutts you!
* * * LOW HITPOINT WARNING * * *
You are engulfed in flames!
You die...

#.. ##.. #... . ##....
##.#### # #.##.##. ....# >#
#.#.#.###...##..
#.###u###.#.......
#.....@...#...#
##########'...#
##############.#####.#
.....................#
.####..........######## ....
.............#.###.... ....
#.####.####.......#
.......#.##.....##.#.#####
.......#.#.......#.#.########


You could see a red ugly thing.

Vanquished Creatures
  A freezing wraith (D:9)
  A troll (D:9)
  A hornet (D:8)
  Sigmund (D:4)
  6 yaks
  2 steam dragons
  Duvessa (D:4)
  3 water moccasins
  2 orc warriors (D:6)
  3 sky beasts
  6 ogres
  3 centaurs
  3 scorpions
  Dowan (D:4)
  A howler monkey (D:4)
  2 electric eels (D:7)
  A jelly (D:4)
  3 orc priests
  3 hounds
  A gnoll bouda (D:8)
  An iron imp (D:5)
  A sleepcap (D:5)
  7 iguanas
  9 orc wizards
  8 gnolls
  5 adders
  4 shadow imps
  4 white imps
  3 dart slugs
  22 orcs
  5 ball pythons
  7 bats
  3 endoplasms
  3 giant cockroaches
  2 goblins
  9 hobgoblins
  2 jackals (D:3)
  8 kobolds
  2 quokkas
  A frilled lizard (D:1)
  5 rats
  A spectral orc (D:3)
157 creatures vanquished.

Notes
Turn   | Place    | Note
-------+----------+-------------------------------------------
     0 | D:1      | Dittersdorf the Gargoyle Fighter began the quest for the
                  | Orb.
     0 | D:1      | Reached XP level 1. HP: 14/14 MP: 1/1
   248 | D:1      | Reached XP level 2. HP: 17/19 MP: 2/2
   603 | D:2      | Reached XP level 3. HP: 23/23 MP: 3/3
   632 | D:2      | You fall into a shaft and drop 2 floors!
   705 | D:4      | Found a sacrificial altar of Ru.
   743 | D:4      | Reached XP level 4. HP: 29/29 MP: 4/4
   812 | D:4      | Reached XP level 5. HP: 33/33 MP: 5/5
   865 | D:4      | Noticed Dowan
   917 | D:4      | Noticed Duvessa
   936 | D:4      | Killed Duvessa
   937 | D:4      | Reached XP level 6. HP: 8/39 MP: 6/6
   945 | D:4      | Killed Dowan
  1833 | D:4      | Reached skill level 5 in Fighting
  1833 | D:4      | Reached skill level 5 in Armour
  1833 | D:4      | Reached skill level 5 in Shields
  1833 | D:4      | Reached XP level 7. HP: 6/44 MP: 7/7
  2649 | D:2      | Found a hazy altar of Hepliaklqana.
  2658 | D:2      | Identified the amulet of Obad {Reflect *Slow rElec rN+ SH+5
                  | Stlth+}
  2863 | D:3      | Found a shimmering blue altar of Sif Muna.
  2959 | D:3      | Found a shimmering altar of Xom.
  3265 | D:3      | Found a basalt altar of Yredelemnul.
  3492 | D:5      | Entered Level 5 of the Dungeon
  3560 | D:5      | Noticed Sigmund
  3625 | D:5      | Found an opulent altar of Gozag.
  3676 | D:5      | Found a white marble altar of Elyvilon.
  3755 | D:4      | Reached XP level 8. HP: 37/51 MP: 8/8
  3917 | D:4      | Killed Sigmund
  3918 | D:4      | Reached skill level 5 in Maces & Flails
  4313 | D:5      | Noticed a yak
  4322 | D:5      | Killed a yak
  4352 | D:5      | Noticed a yak
  4352 | D:5      | Noticed a yak
  4352 | D:5      | Noticed a yak
  4352 | D:5      | Noticed a yak
  4352 | D:5      | Noticed a yak
  4372 | D:5      | Killed a yak
  4382 | D:5      | Killed a yak
  4475 | D:4      | Killed a yak
  4476 | D:4      | Reached XP level 9. HP: 7/57 MP: 9/9
  4930 | D:5      | Found a snail-covered altar of Cheibriados.
  5025 | D:5      | Found an ornate altar of the Wu Jian Council.
  5036 | D:5      | Found a sparkling altar of Nemelex Xobeh.
  5236 | D:5      | Found a bloodstained altar of Trog.
  6089 | D:6      | Found an iron altar of Okawaru.
  6094 | D:6      | Became a worshipper of Warmaster Okawaru
  6396 | D:7      | Reached * piety under Okawaru
  6507 | D:7      | Reached XP level 10. HP: 61/64 MP: 10/10
  6593 | D:7      | Found a staircase to the Ecumenical Temple.
  6847 | D:7      | Found a burning altar of Makhleb.
  7098 | D:8      | Found a hide-covered altar of Uskayaw.
  7098 | D:8      | Found the +10 dark maul {heavy}
  7196 | D:8      | Found a blossoming altar of Fedhas.
  8053 | D:9      | Found a glowing golden altar of the Shining One.
  8066 | D:9      | Reached ** piety under Okawaru
  8088 | D:9      | Noticed a red ugly thing
  8105 | D:9      | Slain by a red ugly thing

Illustrated notes

Levels and vault maps discovered:
D:1:      mrwooster_arrival_statue, layout_rooms
D:2:      layout_loops_ring, basic_altar
D:3:      layout_loops_ring, xom_butterflies,
          mainiacjoe_overflow_small_starburst,
          yredelemnul_forgotten_temple_becter
D:4:      layout_basic, nicolae_ru_great_annihilating_truth,
          kennysheep_small_circle, uniq_duvessa
D:5:      layout_loops_ring, nemelex_xobeh_ov_fountains_minmay, trog_book,
          mainiacjoe_overflow_boulevard, elyvilon_altar_5,
          nicolae_gozag_seed_capital, slow_altar_2, uniq_sigmund
D:6:      layout_basic, okawaru_metal_pillars_1_2, nicolae_fountain_basement
D:7:      layout_cave_pools, kennysheep_mini, minmay_temple_entry_mist,
          grunt_ogre_cave, kennysheep_cross_bottleneck
D:8:      layout_gridville, eat_drink_and_be_merry_uskayaw,
          mainiacjoe_overflow_paths, nrook_mini_vaults, minmay_misc_feat_encased
D:9:      minmay_the_grid_triangle_9x9_rhombus_full
          [minmay_the_grid_triangle_9x9_fully_insulated_deathbox,
          minmay_the_grid_triangle_9x9_checkered,
          minmay_the_grid_triangle_9x9_warning,
          minmay_the_grid_triangle_9x9_sparse_checkered,
          minmay_the_grid_triangle_9x9_stretched_checkered,
          minmay_the_grid_triangle_9x9_intruding_spiral,
          minmay_the_grid_triangle_9x9_negative_grid,
          minmay_the_grid_triangle_9x9_prize_top_heavy], layout_loops_ring,
          old_standard_altar, kennysheep_pointless_box

Skill      XL: |  1  2  3  4  5  6  7  8  9 10 |
---------------+-------------------------------+-----
Fighting       | 4 5 7 8 9 |  9.0
Armour         | 4 5 7 8 9 |  9.0
Shields        | 4 5 7 8 9 |  9.0
Maces & Flails | 3 4 5 7 |  7.8

Action                     |  1- 3 |  4- 6 |  7- 9 | 10-12 || total
---------------------------+-------+-------+-------+-------++-------
  Melee: Flail             |    91 |    91 |   339 |       ||   521
         Morningstar       |       |       |    50 |   132 ||   182
    Use: Potion            |       |     1 |       |       ||     1
   Stab: Paralysed         |       |     3 |       |       ||     3
 Armour: Scale mail        |     5 |       |       |       ||     5
         Chain mail        |    65 |    41 |   164 |       ||   270
         Plate armour      |       |       |    51 |    68 ||   119
  Dodge: Dodged            |    28 |    25 |    89 |    26 ||   168
  Block: Buckler           |     3 |       |       |       ||     3
         Kite shield       |    15 |    41 |   291 |   107 ||   454
         Reflection        |       |       |     4 |     3 ||     7

Table legend: (Time is in decaauts)
 A = Elapsed time spent in this place.
 B = Non-inter-level travel time spent in this place.
 C = Inter-level travel time spent in this place.
 D = Time resting spent in this place.
 E = Time spent auto-exploring this place.
 F = Levels seen in this place.
 G = Mean time per level.
                   A        B        C        D        E       F      G
               +--------+--------+--------+--------+--------+-----+--------+
         Total |   8314 |   7920 |    394 |   1003 |   5150 |   9 |  923.8 |
       Dungeon |   8314 |   7920 |    394 |   1003 |   5150 |   9 |  923.8 |
               +--------+--------+--------+--------+--------+-----+--------+

Top non-repeatable levels by time:
     D:4: 2328 daAuts
     D:5: 1350 daAuts
     D:8: 990 daAuts
     D:6: 870 daAuts
     D:3: 831 daAuts
     D:7: 698 daAuts
     D:2: 679 daAuts
     D:1: 449 daAuts
     D:9: 116 daAuts
